Map: Dash and Terminal LE (Void)

Players

Giggity - Winner!

  • Race: Zerg Zerg
  • League: Grandmaster

wabbajack

  • Race: Zerg Zerg
  • League: Gold

VOD

Have the link to the VOD?

Description

Time

  • Played on: July 17, 2015, 1:35 p.m.
  • Length: 10:12
Show
View Real Time Build Order
Export as new Build Order

Giggity Zerg - Winner!

Build Orders: Hatch First 

Get SALT Encoding   

  12  0:02  Drone  
  13  0:09  Drone  
  14  0:37  Hatchery  
  14  0:40  Drone  
  14  0:57  Spawning Pool  
  14  1:01  Drone  
  14  1:05  Extractor  
  14  1:06  Drone  
  14  1:14  Overlord  
  14  1:33  Drone  
  14  1:34  Drone x2  
  17  1:43  Queen  
  19  1:50  Drone  
  20  1:59  Queen  
  22  2:06  Drone  
  23  2:14  Metabolic Boost  
  23  2:31  Baneling Nest  
  23  2:34  Zergling x2  
  23  2:35  Zergling x6  
  26  2:47  Zergling x4  
  28  2:59  Overlord x2  
  28  3:06  Extractor  
  27  3:21  Baneling  
  27  3:22  Baneling x5  
  27  3:27  Drone x2  
  27  3:28  Drone x3  
  27  3:32  Drone  
  33  3:35  Drone  
  33  3:40  Drone  
  32  4:02  Drone x5  
  34  4:03  Roach Warren  
  33  4:19  Evolution Chamber  
  33  4:22  Spine Crawler  
  31  4:29  Spine Crawler  
  30  4:32  Drone x3  
  30  4:33  Drone x2  
  35  4:44  Roach x4  
  43  4:46  Zergling x2  
  44  4:53  Overlord  
  44  4:54  Overlord  
  44  4:56  Overlord  
  44  5:03  Zerg Ground Armor Level 1  
  44  5:14  Lair  
  44  5:22  Drone x3, Extractor x2  
  44  5:25  Drone x3  
  44  5:26  Drone  
  49  5:28  Drone  
  50  5:40  Roach x2  
  50  5:42  Roach x2  
  58  5:45  Roach  
  58  5:47  Roach  
  62  5:50  Roach  
  64  5:57  Roach  
  64  5:59  Roach  
  68  6:05  Overlord x2  
  68  6:06  Overlord  
  68  6:23  Drone x5  
  73  6:31  Overseer  
  73  6:33  Glial Reconstitution  
  73  6:39  Zergling x2  
  74  6:42  Roach x3  
  74  6:43  Roach x3  
  74  6:44  Roach  
  81  7:16  Roach x5  
  91  7:25  Hydralisk Den  
  91  7:29  Ravager  
  91  7:30  Ravager  
  91  7:33  Overlord x2  
  91  7:34  Overlord  
  92  7:40  Zerg Missile Weapons Level 1  
  92  7:52  Ravager  
  92  7:56  Muscular Augments  
  93  7:59  Ravager  
  93  8:00  Ravager  
  95  8:17  Ravager  
  96  8:27  Hatchery  
  95  8:39  Hatchery  
  91  9:02  Hydralisk x3  
  91  9:03  Hydralisk x7  
  91  9:04  Hydralisk x2  
  91  9:05  Zergling x2  
  91  9:09  Overlord x3  
  116  9:10  Overlord  
  116  9:39  Overseer  
  116  9:43  Extractor  
  116  9:44  Ravager  
  116  9:45  Extractor  
  115  9:47  Ravager  
  115  9:50  Extractor  
  115  9:52  Extractor  
Show
View Real Time Build Order
Export as new Build Order

wabbajack Zerg 

Build Orders: Hatch First 

Get SALT Encoding   

  12  0:01  Drone  
  13  0:10  Drone  
  14  0:20  Drone, Extractor  
  15  0:40  Hatchery  
  14  0:44  Extractor  
  14  0:45  Drone  
  15  1:00  Spawning Pool  
  14  1:07  Extractor x2  
  14  1:08  Drone  
  14  1:10  Drone  
  14  1:16  Overlord  
  16  1:35  Drone  
  16  1:36  Drone  
  16  1:38  Extractor  
  17  1:47  Queen  
  17  1:49  Drone  
  20  1:54  Queen  
  22  2:06  Drone x3  
  25  2:08  Drone  
  26  2:32  Spine Crawler  
  25  2:39  Overlord  
  25  2:46  Drone x3  
  25  2:51  Overlord  
  28  2:56  Roach Warren  
  28  2:57  Metabolic Boost  
  27  3:08  Drone  
  27  3:09  Drone x2  
  31  3:12  Drone  
  31  3:15  Drone  
  32  3:21  Extractor  
  32  3:22  Overlord  
  31  3:36  Roach  
  31  3:37  Roach x2  
  37  3:47  Drone  
  37  3:48  Zergling x6  
  38  3:49  Spine Crawler  
  29  4:24  Spine Crawler  
  29  4:30  Roach x4  
  36  4:46  Drone x3  
  36  4:47  Drone  
  40  4:53  Drone x2  
  42  5:04  Pneumatized Carapace  
  42  5:08  Baneling Nest  
  41  5:28  Overlord  
  41  5:30  Drone x3  
  44  5:48  Drone x2  
  44  5:49  Drone x4  
  50  5:50  Overlord  
  50  5:51  Drone  
  50  5:52  Drone  
  52  6:05  Baneling x2  
  52  6:06  Baneling  
  52  6:13  Baneling  
  52  6:19  Overlord  
  52  6:20  Overlord  
  52  6:33  Overlord x2  
  52  6:37  Zergling x16  
  52  6:38  Zergling x8  
  55  7:08  Baneling x2  
  55  7:09  Baneling  
  55  7:20  Drone x9, Extractor  
  63  7:24  Hatchery  
  62  7:35  Baneling  
  62  7:36  Baneling x4  
  62  7:39  Zergling x8  
  66  7:55  Queen  
  66  7:57  Extractor  
  67  7:58  Lair  
  66  8:23  Roach x10  
  86  8:35  Evolution Chamber  
  86  8:36  Drone  
  86  8:37  Evolution Chamber, Drone x8  
  86  8:40  Overlord  
  88  8:55  Ravager  
  87  9:07  Overlord x2  
  87  9:10  Roach  
  87  9:11  Roach x8  
  105  9:32  Drone x2  
  105  9:33  Drone x2  
  105  9:35  Drone  
  105  9:36  Drone x4  
Tags
 
Add a new tag
Caveats
  • Supply blocks, unpowered buildings, or Contaminate may cause inaccurate times.
  • Supply counts are checked every 10 seconds.